AoeStats
← aradia.urania

Four Lakes

508121948Analyzed
1v1 RM · 12d ago on Sep 21, 2026· 74m 31s· 2 players
Game mode
Random Map
Map size
Tiny (2 player)
Population
200
Speed
Normal
Resources
Standard
Victory
Conquest
Starting age
Dark Age
Ending age
Imperial Age
RankedLock teamsTeams togetherTeam positionsShared explorationLock speedFull tech treeHidden civsTurbo modeCheats
Victory
Defeat
🇨🇱 Celts · Chile
974
+15
🇨🇱 Bulgarians · Chile
949
-15
JBR94
7:09 Loom
10:22 Feudal Age
12:08 Double-Bit Axe
15:22 Bloodlines
15:21 Scale Barding Armor
15:27 Forging
18:15 Scale Mail Armor
18:06 Arson
22:07 Castle Age
22:14 Fletching
22:22 Pikeman
23:11 Husbandry
22:34 Light Cavalry
24:20 Iron Casting
25:49 Chain Mail Armor
30:12 Chain Barding Armor
33:38 Wheelbarrow
35:38 Bodkin Arrow
36:02 Hand Cart
40:09 Imperial Age
37:41 Horse Collar
44:02 Hussar
45:11 Heavy Plow
47:25 Bracer
48:26 Blast Furnace
48:01 Plate Barding Armor
48:28 Conscription
50:40 Stirrups
53:18 Bagains
53:22 Gambesons
57:01 Squires
aradia.urania
10:52 Feudal Age
9:09 Loom
11:19 Loom
11:28 Gold Mining
11:44 Double-Bit Axe
13:00 Horse Collar
13:15 Fishing Lines
15:56 Forging
18:53 Castle Age
17:52 Stone Mining
18:15 Scale Mail Armor
19:11 Man-at-Arms
20:51 Iron Casting
20:38 Long Swordsman
22:10 Scale Barding Armor
22:27 Gambesons
24:22 Husbandry
24:42 Chain Mail Armor
25:18 Pikeman
25:52 Gillnets
25:57 Fletching
29:35 Wheelbarrow
29:47 Stone Shaft Mining
39:03 Imperial Age
36:55 Stronghold
38:06 Bodkin Arrow
38:45 Ballistics
44:23 Hand Cart
45:17 Gold Shaft Mining
45:38 Siege Engineers
46:52 Blast Furnace
47:24 Plate Mail Armor
47:54 Halberdier
50:06 Chemistry
49:49 Conscription
50:21 Town Watch
56:47 Elite Woad Raider
59:48 Town Patrol
60:02 Masonry
64:50 Two-Handed Swordsman
65:47 Furor Celtica
75:10 Bow Saw
Connection lost

Rejoining the realm…

Still unreachable

The connection could not be restored.

Session expired

The server has moved on; the page needs a fresh start.